 Dungeon Crawl Stone Soup version 0.28.0-47-ge53b351184 (webtiles) character file.

Game seed: 4244776747233663026

67 tizbic2 the Sneak (level 4, -3/40 HPs)
             Began as a Naga Hunter on May 7, 2022.
             Slain by an orc priest
             ... wielding a +0 hand axe
              (5 damage)
             ... on level 3 of the Dungeon.
             The game lasted 00:09:57 (1775 turns).

tizbic2 the Sneak (Naga Hunter)                     Turns: 1775, Time: 00:09:58

Health: -3/40      AC:  4    Str: 14    XL:     4   Next: 18%
Magic:  4/4        EV: 10    Int: 12    God:
Gold:   50         SH:  0    Dex: 13    Spells: 3/3 levels left

rFire   . . .      SeeInvis +   j - +0 war axe
rCold   . . .      Faith    .   (no shield)
rNeg    + . .      Spirit   .   i - +2 robe {rN+}
rPois   +          Reflect  .   (no helmet)
rElec   .          Harm     .   (no cloak)
rCorr   .          Rampage  .   (no gloves)
Will    .....                   (no barding)
Stlth   +++.......              (no amulet)
HPRegen 0.13/turn               (no ring)
MPRegen 0.09/turn               (no ring)

@: very slow
A: AC +1, large, see invisible, deformed body, poison resistance, slowness 2,
spit poison 1, naga tail 1
a: Spit Poison


You were on level 3 of the Dungeon.
You visited 1 branch of the dungeon, and saw 3 of its levels.

You collected 50 gold pieces.

Inventory:

Hand Weapons
 a - a +1 shortbow
 e - a +0 hunting sling
 j - a +0 war axe (weapon)
 w - a +0 dagger
Missiles
 d - 14 arrows
 f - 62 stones (quivered)
Armour
 b - a +0 chain mail
 h - a +0 chain mail
 i - a +2 robe of positive energy (worn)
Scrolls
 g - 2 scrolls of identify {unknown}
 l - a scroll of vulnerability {unknown}
Potions
 c - a potion of curing
 k - a potion of flight {unknown}


   Skills:
 + Level 2.6 Fighting
 + Level 0.6 Short Blades
 + Level 3.9 Bows
 - Level 1.5 Dodging
 * Level 4.4 Stealth


You had 3 spell levels left.
You didn't know any spells.
Your spell library contained the following spells:

 Spells                   Type           Power      Damage    Failure   Level
 Blink                    Tloc           0%         N/A       45%         2
 Lesser Beckoning         Tloc           0%         N/A       69%         3
 Manifold Assault         Tloc           0%         N/A       100%        5


Dungeon Overview and Level Annotations

Branches:
Dungeon (3/15)

Altars:


Innate Abilities, Weirdness & Mutations

Your serpentine skin is tough. (AC +1)
You have supernaturally acute eyesight. (SInv)
Armour fits poorly on your strangely shaped body.
Your system is resistant to poisons. (rPois)
You cover ground very slowly.
You can spit poison.
You have a snake-like lower body.


Message History

The orc priest hits you with a +0 hand axe.
Aiming: Spit Poison (1% risk of failure)
Press: ? - help, Shift-Dir - straight line, f - orc priest, p - bat
Aim: an orc priest, wielding a +0 hand axe (59% to hit)
The splash of poison hits the orc priest.
The orc priest is poisoned.
The orc priest is lightly wounded.
The bat barely misses you.
The orc priest hits you with a +0 hand axe.
j - a +0 war axe (weapon)
You barely miss the orc priest.
The orc priest is lightly wounded.
You closely miss the bat.
You have got your breath back.
The bat hits you but does no damage.
The orc priest hits you with a +0 hand axe.
* * * LOW HITPOINT WARNING * * *
The orc priest completely misses you.
Aiming: Spit Poison (1% risk of failure)
Press: ? - help, Shift-Dir - straight line, f/p - orc priest
Aim: an orc priest, wielding a +0 hand axe (lightly wounded, poisoned, 59% to hit)
The splash of poison hits the orc priest!
The orc priest is severely wounded.
The bat hits you but does no damage. x2; The orc priest completely misses you.
You closely miss the orc priest.
The orc priest is severely wounded.
You barely miss the bat. The bat hits you but does no damage. x2
The orc priest hits you with a +0 hand axe.
* * * LOW HITPOINT WARNING * * *
You barely miss the orc priest.
The orc priest is heavily wounded.
You barely miss the bat.
You have got your breath back.
The orc priest looks more healthy.
The bat hits you but does no damage. The bat barely misses you.
The orc priest hits you with a +0 hand axe.
* * * LOW HITPOINT WARNING * * *
The bat closely misses you.
The orc priest hits you with a +0 hand axe.
You die...

##### #.#.###
#.#...
#.#.#####
#.......#
######o#.#.#.#
####<..ob@#.###
#......####o..#
#......#....#.#
o...........#.#
########.####.#
#.#....#
#.#.#..# ..#
#..# ### #..#


You could see an orc priest, an orc and a bat.

Vanquished Creatures
  An adder (D:2)
  A dart slug (D:1)
  An orc (D:3)
  2 endoplasms
  3 goblins
  5 hobgoblins
  13 jackals
  3 kobolds
  3 quokkas
  7 ball pythons
  5 bats
  3 rats (D:1)
47 creatures vanquished.

Notes
Turn   | Place    | Note
-------+----------+-------------------------------------------
     0 | D:1      | tizbic2 the Naga Hunter began the quest for the Orb.
     0 | D:1      | Reached XP level 1. HP: 19/19 MP: 1/1
    76 | D:1      | Reached skill level 2 in Stealth
    91 | D:1      | Reached XP level 2. HP: 25/26 MP: 2/2
   295 | D:1      | Reached skill level 3 in Stealth
   648 | D:1      | Reached XP level 3. HP: 30/33 MP: 3/3
  1411 | D:2      | Reached skill level 4 in Stealth
  1474 | D:2      | Reached XP level 4. HP: 9/40 MP: 4/4
  1775 | D:3      | HP: 2/40 [orc priest/+0 hand axe (5)]
  1775 | D:3      | Slain by an orc priest

Illustrated notes

Levels and vault maps discovered:
D:1:      heliophobic_arrival_battle_scene, layout_loops_ring,
          minmay_pentomino_w4
D:2:      layout_basic, ebering_ecumenical_altar_box
D:3:      layout_basic, gup_sewer_entry_bowl

Skill      XL: |  1  2  3 |
---------------+----------+-----
Stealth        | 2 3 4 |  4.4
Fighting       | |  2.6
Short Blades   | |  0.6
Bows           | |  3.9
Dodging        | |  1.5

Action                   |  1- 3 |  4- 6 || total
-------------------------+-------+-------++-------
Melee: Short sword       |    43 |       ||    43
       Dagger            |    39 |    12 ||    51
       War axe           |       |     3 ||     3
 Fire: Shortbow          |    41 |     7 ||    48
 Abil: Spit Poison       |    14 |     6 ||    20
  Use: Potion            |     1 |     1 ||     2
 Stab: Sleeping          |     3 |     1 ||     4
       Distracted        |     1 |       ||     1
Armor: Leather armour    |    14 |       ||    14
       Robe              |    37 |    11 ||    48
Dodge: Dodged            |   103 |    27 ||   130
